[ PARTIDA AOE2 · #506464700 ]
UnrankedKitán vs Incas
Equipo del jugador · DERR
Equipo rival · VICT
[ ANÁLISIS DE REPETICIÓN · EXTRAÍDO DE LA PARTIDA GRABADA ]
Feudal
14:41
Castillos
25:02
Imperial
40:31
| APM promedio | 51.3 |
| APM pico | 98 |
| eAPM promedio | 33.4 |
| Aldeanos / militares | 165 / 160 |
Foco
⚔️ 26.6% · 🌾 73.4%
Skirmisher ×66 · Steppe Lancer ×49 · Militia ×34 · Fishing Ship ×10 · Battering Ram ×6 · Scorpion ×4
Feudal
12:56
Castillos
27:03
Imperial
38:54
| APM promedio | 23.6 |
| APM pico | 42 |
| eAPM promedio | 17.1 |
| Aldeanos / militares | 105 / 101 |
Foco
⚔️ 37.2% · 🌾 62.8%
Unknown (2550) ×88 · Archer ×37 · Kamayuk ×36 · Petard ×15 · Skirmisher ×10 · Fishing Ship ×6
Mapa de la partida
Recursos iniciales + cada clic de construcción. Líneas = muros · curvas = relieve. ◆ oro · ⬟ piedra · ● bayas · ✦ reliquia · ◌ hueco del cierre
Tu base· ✓ Cerrada en 25:02 · 25t muro · 1 puerta(s)
Base de [ExIT] Sawyer· ✓ Cerrada en 27:03 · 44t muro · 1 puerta(s)
Terreno inicial suavizado · ◌ = hueco del cierre detectado · pasá el cursor para detalles
Inputs por minuto
— UNKO.mp3 - - [ExIT] Sawyer
Build order — UNKO.mp3
Primeras 150 de 444 acciones detectadas
| 0:00 | Encolar | Villager (Male) ×4 |
| 0:00 | Encolar | Villager (Male) ×4 |
| 0:06 | Investigar | Loom |
| 0:15 | Construir | House |
| 0:25 | Encolar | Villager (Male) |
| 0:25 | Encolar | Villager (Male) |
| 0:44 | Encolar | Villager (Male) |
| 0:44 | Encolar | Villager (Male) |
| 1:46 | Construir | Palisade Wall |
| 2:13 | Encolar | Villager (Male) |
| 2:42 | Encolar | Villager (Male) |
| 2:42 | Encolar | Villager (Male) |
| 3:11 | Encolar | Villager (Male) |
| 3:11 | Encolar | Villager (Male) |
| 3:36 | Construir | House |
| 3:47 | Construir | House |
| 3:52 | Encolar | Villager (Male) |
| 3:52 | Encolar | Villager (Male) |
| 4:13 | Construir | Lumber Camp |
| 4:15 | Encolar | Villager (Male) |
| 4:15 | Encolar | Villager (Male) |
| 4:56 | Encolar | Villager (Male) |
| 4:56 | Encolar | Villager (Male) |
| 5:19 | Encolar | Villager (Male) |
| 5:19 | Encolar | Villager (Male) |
| 5:34 | Encolar | Villager (Male) |
| 6:12 | Encolar | Villager (Male) |
| 6:12 | Encolar | Villager (Male) |
| 6:39 | Encolar | Villager (Male) |
| 6:39 | Encolar | Villager (Male) |
| 6:47 | Construir | House |
| 6:54 | Encolar | Villager (Male) |
| 6:54 | Encolar | Villager (Male) |
| 7:27 | Construir | Dock |
| 7:31 | Encolar | Villager (Male) |
| 7:31 | Encolar | Villager (Male) |
| 7:55 | Encolar | Villager (Male) |
| 7:55 | Encolar | Villager (Male) |
| 7:58 | Construir | House |
| 8:15 | Encolar | Fishing Ship |
| 8:15 | Encolar | Fishing Ship |
| 8:15 | Encolar | Fishing Ship |
| 8:32 | Encolar | Fishing Ship |
| 8:32 | Encolar | Fishing Ship |
| 8:32 | Encolar | Fishing Ship |
| 9:02 | Construir | House |
| 9:13 | Encolar | Fishing Ship |
| 9:15 | Encolar | Villager (Male) |
| 9:42 | Construir | Mining Camp |
| 9:49 | Encolar | Fishing Ship |
| 9:53 | Encolar | Villager (Male) |
| 10:14 | Encolar | Villager (Male) |
| 10:21 | Construir | Mill |
| 10:34 | Encolar | Villager (Male) |
| 10:43 | Encolar | Fishing Ship |
| 10:52 | Construir | Mill |
| 11:14 | Construir | House |
| 11:23 | Encolar | Villager (Male) |
| 11:27 | Construir | Palisade Wall |
| 11:28 | Construir | Palisade Wall |
| 11:28 | Construir | Palisade Wall |
| 11:34 | Encolar | Fishing Ship |
| 11:36 | Encolar | Villager (Male) |
| 11:42 | Construir | Pasture |
| 11:57 | Construir | Pasture |
| 12:00 | Encolar | Villager (Male) |
| 12:16 | Construir | House |
| 12:31 | Investigar | Feudal Age |
| 12:37 | Construir | Barracks |
| 13:31 | Encolar | Villager (Male) |
| 13:47 | Encolar | Militia |
| 13:47 | Encolar | Militia |
| 13:47 | Encolar | Militia |
| 13:54 | Construir | Pasture |
| 14:32 | Encolar | Militia |
| 14:41 | Edad | Edad Feudal |
| 14:42 | Construir | House |
| 14:43 | Construir | House |
| 14:45 | Encolar | Villager (Male) |
| 14:51 | Investigar | Man-at-Arms (upgrade) |
| 14:54 | Construir | Blacksmith |
| 15:12 | Construir | Fish Trap |
| 15:16 | Construir | Fish Trap |
| 15:22 | Construir | Fish Trap |
| 15:26 | Construir | Fish Trap |
| 15:31 | Encolar | Villager (Male) |
| 15:36 | Encolar | Villager (Male) |
| 15:46 | Construir | Mining Camp |
| 15:57 | Construir | Watch Tower |
| 16:10 | Encolar | Villager (Male) |
| 16:15 | Investigar | Forging |
| 16:17 | Investigar | Scale Mail Armor |
| 16:23 | Construir | Fish Trap |
| 16:28 | Encolar | Villager (Male) |
| 16:28 | Encolar | Villager (Male) |
| 16:41 | Encolar | Militia |
| 16:41 | Encolar | Militia |
| 16:50 | Encolar | Villager (Male) |
| 16:58 | Construir | Fish Trap |
| 17:05 | Encolar | Villager (Male) |
| 17:16 | Encolar | Militia |
| 17:34 | Encolar | Militia |
| 17:35 | Encolar | Villager (Male) |
| 17:47 | Encolar | Militia |
| 17:51 | Construir | Barracks |
| 17:57 | Encolar | Villager (Male) |
| 18:08 | Construir | Pasture |
| 18:16 | Encolar | Militia |
| 18:29 | Encolar | Militia |
| 18:32 | Encolar | Militia |
| 18:32 | Encolar | Militia |
| 18:44 | Encolar | Villager (Male) |
| 19:04 | Construir | House |
| 19:08 | Construir | House |
| 20:01 | Encolar | Villager (Male) |
| 20:02 | Encolar | Villager (Male) |
| 20:31 | Encolar | Militia |
| 20:31 | Encolar | Militia |
| 20:49 | Construir | Stone Wall |
| 21:11 | Construir | Market |
| 21:27 | Encolar | Militia |
| 21:28 | Encolar | Militia |
| 21:32 | Encolar | Villager (Male) |
| 21:36 | Encolar | Villager (Male) |
| 21:41 | Encolar | Militia |
| 21:41 | Encolar | Militia |
| 22:04 | Investigar | Castle Age |
| 22:04 | Investigar | Castle Age |
| 22:11 | Construir | Barracks |
| 22:18 | Construir | Pasture |
| 22:21 | Construir | Pasture |
| 22:26 | Encolar | Militia |
| 22:26 | Encolar | Militia |
| 22:26 | Encolar | Militia |
| 22:45 | Construir | Watch Tower |
| 23:03 | Construir | House |
| 23:04 | Construir | House |
| 23:05 | Construir | House |
| 23:09 | Construir | House |
| 23:12 | Investigar | Arson |
| 23:12 | Investigar | Arson |
| 23:20 | Investigar | Gold Mining |
| 24:13 | Encolar | Militia |
| 24:13 | Encolar | Militia |
| 24:18 | Construir | House |
| 24:19 | Construir | House |
| 24:24 | Investigar | Stone Mining |
| 24:28 | Encolar | Militia |
| 24:28 | Encolar | Militia |
| 24:33 | Construir | Lumber Camp |
Build order — [ExIT] Sawyer
Primeras 150 de 344 acciones detectadas
| 0:00 | Encolar | Villager (Male) |
| 0:01 | Encolar | Villager (Male) |
| 0:01 | Encolar | Villager (Male) |
| 0:02 | Construir | House |
| 0:05 | Construir | House |
| 0:07 | Encolar | Villager (Male) |
| 0:08 | Encolar | Villager (Male) |
| 0:18 | Investigar | Loom |
| 0:19 | Encolar | Villager (Male) |
| 0:19 | Encolar | Villager (Male) |
| 0:19 | Encolar | Villager (Male) |
| 0:32 | Construir | Palisade Wall |
| 2:08 | Encolar | Villager (Male) |
| 2:09 | Encolar | Villager (Male) |
| 2:20 | Construir | Palisade Wall |
| 2:29 | Construir | Settlement |
| 3:41 | Encolar | Villager (Male) |
| 3:41 | Encolar | Villager (Male) |
| 3:41 | Encolar | Villager (Male) |
| 4:22 | Encolar | Villager (Male) |
| 4:22 | Encolar | Villager (Male) |
| 4:55 | Encolar | Villager (Male) |
| 4:56 | Encolar | Villager (Male) |
| 5:03 | Encolar | Villager (Male) |
| 5:14 | Encolar | Villager (Male) |
| 5:48 | Construir | Palisade Wall |
| 5:58 | Encolar | Villager (Male) |
| 5:58 | Encolar | Villager (Male) |
| 6:20 | Encolar | Villager (Male) |
| 6:20 | Encolar | Villager (Male) |
| 6:30 | Construir | Palisade Gate |
| 6:50 | Encolar | Villager (Male) |
| 6:50 | Encolar | Villager (Male) |
| 6:50 | Encolar | Villager (Male) |
| 7:07 | Construir | Settlement |
| 7:18 | Encolar | Villager (Male) |
| 7:55 | Encolar | Villager (Male) |
| 7:55 | Encolar | Villager (Male) |
| 7:56 | Encolar | Villager (Male) |
| 8:20 | Encolar | Villager (Male) |
| 8:21 | Encolar | Villager (Male) |
| 8:21 | Encolar | Villager (Male) |
| 8:21 | Encolar | Villager (Male) |
| 9:12 | Construir | House |
| 9:39 | Encolar | Villager (Male) |
| 10:03 | Construir | Dock |
| 10:26 | Construir | Settlement |
| 10:44 | Investigar | Feudal Age |
| 10:48 | Encolar | Fishing Ship |
| 10:48 | Encolar | Fishing Ship |
| 11:09 | Encolar | Fishing Ship |
| 11:54 | Construir | Barracks |
| 11:58 | Encolar | Villager (Male) |
| 11:59 | Encolar | Villager (Male) |
| 11:59 | Encolar | Villager (Male) |
| 12:17 | Encolar | Fishing Ship |
| 12:23 | Encolar | Villager (Male) |
| 12:56 | Edad | Edad Feudal |
| 13:03 | Construir | Barracks |
| 13:44 | Encolar | Unit 2550 |
| 13:44 | Encolar | Unit 2550 |
| 13:45 | Encolar | Unit 2550 |
| 13:46 | Encolar | Villager (Male) |
| 13:47 | Encolar | Villager (Male) |
| 13:50 | Encolar | Fishing Ship |
| 13:53 | Investigar | Double-Bit Axe |
| 14:00 | Encolar | Unit 2550 |
| 14:00 | Encolar | Unit 2550 |
| 14:01 | Encolar | Unit 2550 |
| 14:30 | Encolar | Fishing Ship |
| 14:52 | Construir | Blacksmith |
| 14:56 | Investigar | Tech 1402 |
| 15:02 | Encolar | Unit 2550 |
| 15:03 | Investigar | Arson |
| 15:23 | Construir | Market |
| 15:33 | Investigar | Forging |
| 15:36 | Investigar | Scale Mail Armor |
| 15:50 | Encolar | Villager (Male) |
| 15:51 | Encolar | Villager (Male) |
| 15:53 | Encolar | Villager (Male) |
| 16:44 | Encolar | Unit 2550 |
| 16:44 | Encolar | Unit 2550 |
| 16:44 | Encolar | Unit 2550 |
| 16:45 | Encolar | Unit 2550 |
| 16:59 | Encolar | Unit 2550 |
| 16:59 | Encolar | Unit 2550 |
| 17:24 | Investigar | Horse Collar |
| 17:32 | Construir | Farm |
| 17:32 | Construir | Farm |
| 17:32 | Construir | Farm |
| 17:33 | Construir | Farm |
| 17:33 | Construir | Farm |
| 17:33 | Construir | Farm |
| 18:04 | Encolar | Villager (Male) |
| 18:04 | Encolar | Villager (Male) |
| 18:04 | Encolar | Villager (Male) |
| 18:16 | Encolar | Unit 2550 |
| 18:49 | Encolar | Unit 2550 |
| 18:50 | Encolar | Unit 2550 |
| 18:51 | Encolar | Villager (Male) |
| 18:52 | Encolar | Villager (Male) |
| 18:57 | Construir | Fish Trap |
| 19:00 | Construir | Fish Trap |
| 19:02 | Construir | Fish Trap |
| 19:03 | Construir | Fish Trap |
| 19:05 | Construir | Fish Trap |
| 19:15 | Encolar | Unit 2550 |
| 19:15 | Encolar | Unit 2550 |
| 19:34 | Encolar | Villager (Male) |
| 19:34 | Encolar | Villager (Male) |
| 19:40 | Construir | Farm |
| 19:40 | Construir | Farm |
| 19:40 | Construir | Farm |
| 19:41 | Construir | Farm |
| 19:43 | Construir | Farm |
| 19:53 | Construir | Stone Wall |
| 20:15 | Encolar | Unit 2550 |
| 20:15 | Encolar | Unit 2550 |
| 20:16 | Encolar | Unit 2550 |
| 20:16 | Encolar | Unit 2550 |
| 20:41 | Encolar | Unit 2550 |
| 20:41 | Encolar | Unit 2550 |
| 20:48 | Construir | Gate |
| 21:06 | Encolar | Unit 2550 |
| 21:07 | Encolar | Unit 2550 |
| 21:20 | Encolar | Unit 2550 |
| 21:20 | Encolar | Unit 2550 |
| 21:21 | Encolar | Unit 2550 |
| 21:21 | Encolar | Unit 2550 |
| 21:44 | Encolar | Villager (Male) |
| 21:44 | Encolar | Villager (Male) |
| 21:45 | Encolar | Villager (Male) |
| 21:45 | Encolar | Villager (Male) |
| 21:51 | Construir | Farm |
| 21:51 | Construir | Farm |
| 21:51 | Construir | Farm |
| 21:51 | Construir | Farm |
| 21:53 | Construir | Farm |
| 22:18 | Construir | Stone Wall |
| 22:20 | Construir | Stone Wall |
| 22:20 | Construir | Stone Wall |
| 22:28 | Construir | Farm |
| 22:34 | Construir | Settlement |
| 22:55 | Construir | Watch Tower |
| 23:13 | Encolar | Villager (Male) |
| 23:14 | Encolar | Villager (Male) |
| 24:20 | Construir | Settlement |
| 24:23 | Investigar | Castle Age |
| 24:51 | Investigar | Wheelbarrow |
| 24:58 | Investigar | Tech 906 |
Cronología de la partida
| 0:32 | [ExIT] Sawyer · wall_segment Palisade Wall x9 |
| 1:46 | UNKO.mp3 · wall_segment Palisade Wall x6 |
| 2:20 | [ExIT] Sawyer · wall_segment Palisade Wall x7 |
| 5:48 | [ExIT] Sawyer · wall_segment Palisade Wall x11 |
| 7:27 | UNKO.mp3 · first_building Dock |
| 10:03 | [ExIT] Sawyer · first_building Dock |
| 11:27 | UNKO.mp3 · wall_segment Palisade Wall x1 |
| 11:28 | UNKO.mp3 · wall_segment Palisade Wall x1 |
| 11:28 | UNKO.mp3 · wall_segment Palisade Wall x1 |
| 11:54 | [ExIT] Sawyer · first_building Barracks |
| 12:37 | UNKO.mp3 · first_building Barracks |
| 12:56 | [ExIT] Sawyer · age_up feudal |
| 14:41 | UNKO.mp3 · age_up feudal |
| 19:53 | [ExIT] Sawyer · wall_segment Stone Wall x12 |
| 20:49 | UNKO.mp3 · wall_segment Stone Wall x12 |
| 22:18 | [ExIT] Sawyer · wall_segment Stone Wall x3 |
| 22:20 | [ExIT] Sawyer · wall_segment Stone Wall x1 |
| 22:20 | [ExIT] Sawyer · wall_segment Stone Wall x1 |
| 24:58 | UNKO.mp3 · wall_segment Stone Wall x3 |
| 24:59 | UNKO.mp3 · wall_segment Stone Wall x1 |
| 25:02 | UNKO.mp3 · age_up castle |
| 25:10 | [ExIT] Sawyer · first_building Archery Range |
| 25:20 | UNKO.mp3 · first_building Siege Workshop |
| 27:03 | [ExIT] Sawyer · age_up castle |
| 27:39 | [ExIT] Sawyer · first_market_sell 100 wood |
| 28:49 | UNKO.mp3 · first_building Stable |
| 32:02 | UNKO.mp3 · first_market_buy 100 food |
| 33:40 | [ExIT] Sawyer · first_building Castle |
| 34:28 | [ExIT] Sawyer · first_market_buy 100 food |
| 34:33 | UNKO.mp3 · first_building Castle |
| 35:15 | UNKO.mp3 · first_building Monastery |
| 38:39 | UNKO.mp3 · first_building Archery Range |
| 38:54 | [ExIT] Sawyer · age_up imperial |
| 40:31 | UNKO.mp3 · age_up imperial |
| 46:27 | UNKO.mp3 · resign |
[ ANÁLISIS IA · 1 CRÉDITO ]
¿Qué pasó realmente en esta partida?
Wolo.gg analiza cada decisión: build order, eco, micro, errores típicos por bracket. Análisis personalizado por WhatsApp o Discord en 30 segundos.
Guía civ
Kitán
Perfil
Jugador #455366